 Dungeon Crawl Stone Soup version 0.30.0-15-g856e2d3f33 (webtiles) character file.

Game seed: 16217812842908986527

91 qw the Chopper (level 4, -2/28 HPs)
             Began as a Gargoyle Cinder Acolyte on May 18, 2023.
             Was a High Priest of Ignis.
             Slain by an orc
             ... wielding a +0 trident
              (5 damage)
             ... on level 3 of the Dungeon.
             The game lasted 00:00:55 (1590 turns).

qw the Chopper (Gargoyle Cinder Acolyte)            Turns: 1590, Time: 00:00:55

Health: -2/28      AC: 16    Str: 20    XL:     4   Next: 59%
Magic:  5/5        EV: 10    Int: 14    God:    Ignis [*****.]
Gold:   162        SH:  0    Dex:  5    Spells: 5/5 levels left

rFire   + . .        Y - -1 hand axe (flame)
rCold   . . .        (no shield)
rNeg    + + .        i - +0 ring mail
rPois   inf          (no helmet)
rElec   +            (no cloak)
rCorr   .            (no gloves)
SInv    .            e - +0 pair of boots
Will    .....        (no amulet) Stlth
                     f - ring of positive energy
HPRegen 0.24/turn    (no ring)
MPRegen 0.09/turn

%: no passive effects
@: fiery-armoured
A: sickness immunity, AC +3, negative energy resistance 1, electricity
resistance, torment resistance 1, petrification resistance
a: Renounce Religion, Fiery Armour, Foxfire Swarm, Rising Flame


You were on level 3 of the Dungeon.
You worshipped Ignis.
Ignis was extremely pleased with you.
You visited 1 branch of the dungeon, and saw 3 of its levels.

You collected 162 gold pieces.


Innate Abilities, Weirdness & Mutations

You are immune to sickness and miasma.
Your stone body is resilient. (AC +3)
You are immune to poison.
You resist negative energy. (rN+)
You are resistant to electric shocks. (rElec)
You are resistant to unholy torment.
You are immune to petrification.


   Skills:
 - Level 3.2 Fighting
 + Level 4.5 Axes
 - Level 1.3 Armour
 - Level 1.0 Spellcasting
 - Level 3.0 Fire Magic


You had 5 spell levels left.
You didn't know any spells.
Your spell library contained the following spells:

 Spells                   Type           Power      Damage    Failure   Level
 Scorch                   Fire           18%        2d5       19%         2

Inventory:

Hand Weapons
 Y - a -1 hand axe of flaming (weapon)
Missiles
 b - 3 boomerangs (quivered)
Armour
 a - a +0 scale mail
 e - a +0 pair of boots (worn)
 i - a +0 ring mail (worn)
Jewellery
 f - a ring of positive energy (left hand)
Scrolls
 h - a scroll of enchant weapon {unknown}
Potions
 c - 6 potions of curing
 d - a potion of lignification {unknown}
 g - a potion of ambrosia {unknown}
 k - a potion of flight {unknown}

Dungeon Overview and Level Annotations

Branches:
Dungeon (3/15)

Altars:
Uskayaw

Shops:
D:1 *


Message History

You closely miss the orc.
The orc is severely wounded.
You barely miss the orc. The orc hits you with a +0 trident.
The orc hits you but does no damage.
You hit the orc but do no damage.
The orc is severely wounded.
You hit the orc. You burn the orc. The orc hits you but does no damage.
The orc hits you with a +0 trident. The orc hits you but does no damage.
You barely miss the orc.
The orc is severely wounded.
You barely miss the orc.
The orc hits you from afar with a +0 trident.
The orc hits you but does no damage.
An orc comes into view. It is wielding a +0 falchion.
The orc shouts!
You hit the orc. You burn the orc.
You kill the orc!
You hit the orc but do no damage.
The orc hits you from afar with a +0 trident.
You barely miss the orc.
The orc is heavily wounded.
The orc misses you. The orc hits you but does no damage.
The orc barely misses you. The orc hits you but does no damage.
The orc hits you from afar with a +0 trident.
The orc closely misses you.
You hit the orc. You burn the orc.
The orc is almost dead.
The orc hits you with a +0 trident! The orc hits you but does no damage.
The orc closely misses you.
1589 ||| INVOKING Fiery Armour.
A protective cloak of flame settles atop you.
The orc hits you with a +0 trident.
The orc is burned by your cloak of flames.
You kill the orc!
The orc closely misses you.
The orc hits you from afar with a +0 trident.
You are too injured to fight recklessly!
The orc closely misses you. The orc hits you with a +0 trident.
You die...

#...#. .# .#.
#.....##.##...
#............##
#.............
#.............
#..........#
#....ooo...#
#.....@....###
######).)....#
#.#####.# #.#
#.## #..# ##.#
#.# ...
#.##.......##


You could see 3 orcs.

Vanquished Creatures
  A gnoll (D:2)
  2 adders (D:2)
  2 worms (D:2)
  2 orcs (D:3)
  6 ball pythons
  5 bats
  4 endoplasms
  A giant cockroach (D:2)
  4 goblins
  5 hobgoblins
  4 jackals (D:3)
  3 quokkas
  7 frilled lizards
  4 kobolds
  3 rats
53 creatures vanquished.

Notes
Turn   | Place    | Note
-------+----------+-------------------------------------------
     0 | D:1      | qw the Gargoyle Cinder Acolyte began the quest for the Orb.
     0 | D:1      | Reached XP level 1. HP: 14/14 MP: 2/2
     0 | D:1      | 0 ||| qw: Version: 0.2-a-95-gc95f03d
     0 | D:1      | 0 ||| qw: Game counter: 48
     0 | D:1      | 0 ||| qw: Always use a shield: true
     0 | D:1      | 0 ||| qw: God list: Okawaru
     0 | D:1      | 0 ||| qw: Allow faded altars: false
     0 | D:1      | 0 ||| qw: Do Orc after D:15 true
     0 | D:1      | 0 ||| qw: Do second Lair branch before Depths: true
     0 | D:1      | 0 ||| qw: Lair rune preference: random
     0 | D:1      | 0 ||| qw: Plans: Normal
     0 | D:1      | 0 ||| PLANNING D:1-11
   114 | D:1      | Reached skill level 3 in Axes
   169 | D:1      | Found Puis's Assorted Antiques.
   180 | D:1      | Reached XP level 2. HP: 13/19 MP: 3/3
   255 | D:1      | 255 ||| SHOPLISTING ruby ring (110 gold, have 16).
   255 | D:1      | 255 ||| SHOPLISTING scroll labelled OTHRUG UCIACZIT (22
                  | gold, have 16).
   255 | D:1      | 255 ||| SHOPLISTING scroll labelled RIWACS INKU (22 gold,
                  | have 16).
   255 | D:1      | 255 ||| SHOPLISTING silvery potion (19 gold, have 16).
   537 | D:1      | 537 ||| UPGRADING to +0 pair of boots.
   542 | D:1      | 542 ||| UPGRADING to +0 leather armour.
   552 | D:1      | 552 ||| DROPPING +0 robe.
   553 | D:1      | 553 ||| UPGRADING to +0 ring mail.
   563 | D:1      | 563 ||| DROPPING +0 leather armour.
   564 | D:1      | 564 ||| READING scroll labelled NEELLEXICA.
   565 | D:1      | 565 ||| READING scroll labelled TOACRU VIMU.
   566 | D:1      | 566 ||| READING scroll labelled PILEAS LUREST.
   667 | D:1      | 667 ||| DRINKING 3 emerald potions.
   722 | D:2      | Reached skill level 1 in Armour
   722 | D:2      | Reached XP level 3. HP: 23/23 MP: 4/4
   753 | D:2      | 753 ||| Stepping ~*~*~tactically~*~*~ (stealth).
   995 | D:2      | Reached skill level 4 in Axes
  1038 | D:2      | Found a faded altar of an unknown god.
  1265 | D:2      | Reached XP level 4. HP: 27/28 MP: 5/5
  1356 | D:2      | 1356 ||| UPGRADING to ring of positive energy.
  1357 | D:2      | 1357 ||| DRINKING 2 coppery potions.
  1358 | D:2      | 1358 ||| DROPPING potion of magic.
  1388 | D:3      | 1388 ||| STAIRDANCE
  1395 | D:2      | 1395 ||| INVOKING Fiery Armour.
  1469 | D:3      | Found a hide-covered altar of Uskayaw.
  1471 | D:3      | 1471 ||| Stepping ~*~*~tactically~*~*~ (stealth).
  1474 | D:3      | 1474 ||| Stepping ~*~*~tactically~*~*~ (stealth).
  1589 | D:3      | 1589 ||| INVOKING Fiery Armour.
  1589 | D:3      | HP: 3/28 [orc/+0 trident (6)]
  1590 | D:3      | Slain by an orc

Levels and vault maps discovered:
D:1:      dpeg_arrival_erosion, layout_basic, serial_shops,
          nicolae_shop_tiny_glass, minmay_pentomino_p4
D:2:      minmay_diamond_boxcup, layout_basic,
          hellmonk_ecumenical_altar_pennies_from_heaven, hangedman_decor_points
D:3:      layout_rooms, mainiacjoe_overflow_small_starburst,
          mainiacjoe_overflow_paths, minmay_misc_feat_columns,
          kennysheep_cross_room

Skill      XL: |  1  2  3 |
---------------+----------+-----
Axes           | 3 4 |  4.5
Armour         | 1 |  1.3
Fighting       | |  3.2
Spellcasting   | |  1.0
Fire Magic     | |  3.0

Action                     |  1- 3 |  4- 6 || total
---------------------------+-------+-------++-------
  Melee: Hand axe          |   110 |    31 ||   141
         Punch             |     2 |       ||     2
  Throw: Boomerang         |    13 |    14 ||    27
 Invoke: Fiery Armour      |       |     2 ||     2
    Use: Scroll            |     3 |       ||     3
         Potion            |     1 |     1 ||     2
 Armour: Robe              |    19 |       ||    19
         Ring mail         |    29 |    27 ||    56
  Dodge: Dodged            |    65 |    22 ||    87

Table legend:
 A = Non-vault XP
 B = Vault XP
 C = Vault XP percentage of total XP
 D = Non-vault monster count
 E = Vault monster count
 F = Vault count percentage of total count
                 A         B        C        D         E       F
            +---------+---------+-------+---------+---------+-------
      Total |     105 |      26 |  19.8 |      43 |      10 |  18.9
            +---------+---------+-------+---------+---------+-------
        D:1 |      20 |       5 |  20.0 |      12 |       4 |  25.0
        D:2 |      64 |      21 |  24.7 |      20 |       6 |  23.1
        D:3 |      21 |       0 |   0.0 |      11 |       0 |   0.0
            +---------+---------+-------+---------+---------+-------
